← All builds
Suicide front / Armada / Economy first / OBSERVED BUILD

Mace bot assault

Armada Suicide front build order · Supreme Isthmus

An economy-first start rushes Mace out of the Bot Lab from around 2:02, well ahead of the role's norm, to push a stronger bot assault into the middle before shifting to the usual mixed army.

#rush #push · 108 distinct matches · 30 players · 3% of Armada Suicide front games · team won 53% of 110 · Recently observed

THE CATCH, AND WHAT COMES WITH IT
  • MaceT1 bot assault from 2:02 · 11% of role by thenFrom the Bot Lab. Only 11% of Suicide front games have it by then; others who build it get it around 2:10
  • MaceMace in 85%5% of all Suicide front games by then

Where those units first fight, in 110 games with kill data: in the middle 98%.

Those units destroy a typical 2,880 metal of enemy units by 15:00.

Then transitions into rocketeer (8% of army).

HOW TO PLAY IT

Key timing: Mace by 2:03

  1. Open single mex straight into Bot Lab by 0:44.
  2. Grab more mex and wind while lab keeps producing.
  3. Push Mace-led bot assault into middle ahead of schedule.
  4. Keep reinforcing with Mace, add Centurion for anti-swarm.
  5. Transition into usual Centurion/Blitz mix with T2 cons.

Phase by phase

TYPICAL OF ITS 108 GAMES · AGAINST STANDARD SUICIDE FRONT
  1. 1
  2. 2
  3. 3
  4. 4
PLAY THE OPENING

Follow the example game's first 6:00 step by step: what to build now, what comes next, and where it goes. At 1× it keeps pace with your own game.

  1. 1

    Up to the Bot Lab

    Economy
    • Metal Extractor2Mex
    Order
    1. Bot LabBot Lab after 2 mexdone ~0:42, middle half 0:27–0:58

    Some games also: Sentry (33%)

    By 0:25 in all: 2 mex

    The example game in this phase · 2 steps
    1. Mex ×3
    2. Bot LabBot Labdone 0:47 · typical 0:42
  2. 2

    Bot Lab to T1 bot assault

    Economy
    • Metal Extractor2Mex
    Order
    1. MaceT1 bot assault after 3 mex, 1 wind
    Builders
    • Construction Bot2 Con bot
    • Lazarus2 Lazarus
    Army
    • Sentry1 Sentry
    • Centurion1 Centurion

    Some games also: wind (43%) · Radar Tower (42%) · tick (35%)

    By 2:02 in all: 3 mex · 1 wind

    The example game in this phase · 5 steps
    1. LazarusLazarus
    2. PawnPawn ×2
    3. LazarusLazarus
    4. Construction BotCon bot
    5. MaceMacedone 1:29
  3. 3

    T1 bot assault to 5:00

    Economy
    • Metal Extractor2Mex
    • Wind Turbine5Wind+2 vs standard
    Builders
    • Construction Bot1 Con bot
    • Lazarus1 Lazarus
    Army
    • Sentry2 Sentry
    • Mace11 Mace +11 vs standard

    Some games also: Radar Tower (45%) · con turret (44%) · Beamer (43%)

    The standard build makes here, this one skips: 15 rocketeer

    By 5:00 in all: 5 mex · 6 wind (standard 4)

    The example game in this phase · 14 steps
    1. MaceMace
    2. Mex
    3. MaceMace ×5
    4. Wind
    5. Mex
    6. Wind
    7. MaceMace
    8. Radar TowerRadar Tower
    9. Wind
    10. MaceMace ×2
    11. LazarusLazarus
    12. Energy storage
    13. GauntletGauntletdone 5:20
    14. BeamerBeamer
  4. 4

    5:00 to 10:00

    Economy
    • Metal Extractor1Mex
    • Wind Turbine16Wind
    Builders
    • Construction Turret2 Con turret
    • Lazarus3 Lazarus
    Army
    • Mace12 Mace +12 vs standard

    Some games also: con bot (38%) · Sentry (35%) · rocketeer (34%) · Radar Tower (34%) · Beamer (33%)

    The standard build makes here, this one skips: 8 rocketeer

    By 10:00 in all: 6 mex · 21 wind · 2 con turret

    The example game in this phase · 165 steps
    1. Construction BotCon bot
    2. BeamerBeamer
    3. LazarusLazarus
    4. BeamerBeamer
    5. LazarusLazarus
    6. Construction BotCon bot ×2
    7. Advanced Metal ExtractorT2 mexdone 7:50 · typical 10:25
    8. BeamerBeamer
    9. LazarusLazarus ×2
    10. PawnPawn
    11. Wind ×3
    12. BeamerBeamer
    13. Advanced Metal ExtractorT2 mex
    14. Wind
    15. PawnPawn
    16. Wind ×5
    17. PawnPawn
    18. Wind
    19. PawnPawn
    20. Wind
    21. BeamerBeamer
    22. PawnPawn
    23. Wind
    24. BeamerBeamer
    25. PawnPawn ×2
    26. Wind
    27. PawnPawn
    28. Energy storage
    29. PawnPawn
    30. Advanced Metal ExtractorT2 mex
    31. PawnPawn ×2
    32. Con turret
    33. PawnPawn ×3
    34. Con turret
    35. PawnPawn
    36. Advanced Metal ExtractorT2 mex
    37. Wind ×3
    38. Construction BotCon bot
    39. Wind
    40. Construction BotCon bot
    41. Pit BullPit Bull
    42. Wind
    43. Construction BotCon bot
    44. Fortification WallFortification Wall
    45. Wind
    46. PawnPawn
    47. Fortification WallFortification Wall ×2
    48. Wind
    49. Fortification WallFortification Wall
    50. Wind
    51. Fortification WallFortification Wall ×2
    52. Wind
    53. Fortification WallFortification Wall ×2
    54. Wind
    55. RattlesnakeRattlesnakedone 12:04
    56. Wind
    57. PawnPawn ×2
    58. Con turret
    59. PawnPawn
    60. Wind
    61. PawnPawn ×3
    62. Wind ×2
    63. PawnPawn
    64. Wind
    65. PawnPawn
    66. Wind
    67. PawnPawn
    68. Wind
    69. PawnPawn
    70. Wind
    71. PawnPawn
    72. Wind ×2
    73. PawnPawn
    74. Wind
    75. PawnPawn
    76. Wind ×2
    77. PawnPawn
    78. JunoJuno
    79. PawnPawn
    80. Wind ×3
    81. PawnPawn
    82. Wind ×2
    83. Vehicle PlantVehicle Plantdone 13:07
    84. Fortification WallFortification Wall
    85. Wind
    86. PawnPawn
    87. Fortification WallFortification Wall ×2
    88. Wind
    89. Fortification WallFortification Wall
    90. Wind
    91. Fortification WallFortification Wall
    92. PawnPawn
    93. Fortification WallFortification Wall
    94. PawnPawn
    95. Fortification WallFortification Wall
    96. Wind
    97. Fortification WallFortification Wall ×2
    98. PawnPawn
    99. Fortification WallFortification Wall
    100. PawnPawn
    101. Wind
    102. PawnPawn ×2
    103. Advanced Metal ExtractorT2 mex
    104. Wind
    105. PawnPawn ×2
    106. BlitzBlitz
    107. PawnPawn
    108. Wind
    109. PawnPawn
    110. BlitzBlitz
    111. PawnPawn ×2
    112. Wind
    113. Con turret
    114. BlitzBlitz
    115. PawnPawn
    116. Wind
    117. PawnPawn ×2
    118. Wind
    119. PawnPawn
    120. BlitzBlitz
    121. PawnPawn
    122. Con turret
    123. Wind
    124. PawnPawn ×2
    125. BlitzBlitz
    126. Wind
    127. PawnPawn
    128. Vehicle PlantVehicle Plantdone 14:21
    129. PawnPawn
    130. BlitzBlitz
    131. PawnPawn
    132. Wind
    133. PawnPawn
    134. BlitzBlitz
    135. PawnPawn
    136. Wind
    137. BlitzBlitz
    138. PawnPawn
    139. BlitzBlitz
    140. PawnPawn
    141. Wind
    142. BlitzBlitz
    143. PawnPawn ×2
    144. BlitzBlitz
    145. PawnPawn
    146. Wind
    147. BlitzBlitz
    148. PawnPawn ×2
    149. BlitzBlitz
    150. Wind
    151. PawnPawn
    152. BlitzBlitz
    153. PawnPawn
    154. BlitzBlitz
    155. PawnPawn
    156. Wind
    157. BlitzBlitz
    158. PawnPawn
    159. BlitzBlitz
    160. PawnPawn ×2
    161. Wind
    162. BlitzBlitz ×2
    163. PawnPawn
    164. BlitzBlitz
    165. PawnPawn

Counts are medians over the build's games: half of them build more, half fewer. The example game is XXMACGAMERXX's (40 OS, 13/10/2026); pick another.

Team trades

IN AT LEAST 30% OF ITS GAMES

You hand over

Nothing regular.

You get

  • Tidal Generator4 Tidal from Pondfirst at 0:11 · in 71% of games
  • Advanced Construction Bot1 T2 con bot from Tech or Geofirst at 8:26 · in 46% of games

How it plays out

Typical game of this build against the role’s standard build, running totals by minute

  • This build
  • Standard suicide front

Metal produced

010k20k
0:005:0010:0015:00

metal

Enemy metal destroyed

05k10k
0:005:0010:0015:00

metal

Own metal lost

05k10k
0:005:0010:0015:00

metal

110 games.

Show as table
ByMetal produced: This buildMetal produced: Standard suicide frontEnemy metal destroyed: This buildEnemy metal destroyed: Standard suicide frontOwn metal lost: This buildOwn metal lost: Standard suicide front
1:003112300000
2:0094488721000
3:0019222009272184130130
4:0029593110798645573501
5:00399341851509135712331000
6:00509653492180218320811712
7:00627765393768305133392597
8:00738677604606393944283502
9:00843990465296470050854376
10:009395104185796531458125163
11:0010717118946419585866855965
12:0012081136067110640776276686
13:0013781154077602687986347437
14:0014511172987984750589448212
15:0016570192698187810995828991
WHAT THE NUMBERS SAY

Won less often than the standard Suicide front build despite destroying more enemy metal.

  • + Destroys 10959 metal by 15:00 vs standard's 8295
  • + Mace committed by 2:03, far ahead of the 10% norm
  • − Own losses run higher, 11331 vs 9179 by 15:00
  • − Metal produced trails standard by 15:00, 18386 vs 20141
THE EXAMPLE YOU ARE READING

XXMACGAMERXX

40.3 OS · 13/10/2026

Open source match ↗

7 received units · includes a constructor
249 metal received · 33005 energy received

Allied construction assistance is unknown. Timings are observations, not a promise of solo reproducibility.

Typical milestones

Bot Lab0:42Middle 50%: 0:27–0:58 · n=110
Advanced Metal Extractor10:25Middle 50%: 9:03–11:35 · n=67

Played most by

[crd]sisa49games of this buildChaoticNoob10games of this build[Fx]Doo8games of this buildHorlof5games of this buildXXMACGAMERXX4games of this build